AoeStats
← ObscureMorgoth7

Black Forest

504970752Analyzed
2v2 RM · 26d ago on Sep 7, 2026· 36m 39s· 4 players
Game mode
Random Map
Map size
Medium (4 player)
Population
200
Speed
Normal
Resources
Standard
Victory
Conquest
Starting age
Dark Age
Ending age
Imperial Age
RankedLock teamsTeams togetherTeam positionsShared explorationLock speedFull tech treeHidden civsTurbo modeCheats
Victory
Defeat
🇹🇼 Turks · Taiwan
1022
+15
🇪🇸 Chinese · Spain
977
+17
🇲🇽 Saracens · Mexico
1000
-48
🇲🇽 Magyars · Mexico
1000
-48
ObscureMorgoth7
11:23 Feudal Age
10:56 Loom
19:49 Castle Age
18:41 Double-Bit Axe
27:26 Horse Collar
30:05 Scale Barding Armor
31:32 Bloodlines
32:23 Husbandry
33:13 Chain Barding Armor
34:01 Gold Mining
34:14 Heavy Plow
36:01 Bow Saw
Osukay
9:17 Loom
11:23 Feudal Age
18:02 Castle Age
16:54 Town Watch
17:28 Stone Mining
17:29 Double-Bit Axe
18:56 Stone Mining
20:30 Forging
21:13 Scale Barding Armor
22:34 Husbandry
22:46 Bloodlines
22:24 Horse Collar
24:00 Gold Mining
33:25 Wheelbarrow
32:53 Fletching
33:43 Gold Shaft Mining
34:45 Husbandry
39:08 Imperial Age
Jason
1:08 Loom
11:48 Feudal Age
15:51 Castle Age
15:48 Double-Bit Axe
15:57 Gold Mining
23:44 Imperial Age
25:36 Wheelbarrow
25:58 Gold Shaft Mining
30:14 Artillery
32:53 Fletching
33:11 Scale Barding Armor
33:30 Bodkin Arrow
34:44 Thumb Ring
35:37 Parthian Tactics
37:01 Hand Cart
Algor3301
0:28 Loom
13:25 Feudal Age
20:18 Castle Age
18:49 Double-Bit Axe
24:57 Bow Saw
31:25 Imperial Age
29:03 Pikeman
Connection lost

Rejoining the realm…

Still unreachable

The connection could not be restored.

Session expired

The server has moved on; the page needs a fresh start.